 Dungeon Crawl Stone Soup version 0.21-a0-504-g2eda330 (webtiles) character file.

10320 kae the Grappler (level 11, -3/111 HPs)
             Began as a Troll Monk on Nov 26, 2017.
             Was a Priest of Wu Jian.
             Slain by a 12-headed hydra (8 damage)
             ... on level 1 of the Lair of Beasts.
             The game lasted 00:16:34 (9544 turns).

kae the Grappler (Troll Monk)                       Turns: 9544, Time: 00:16:34

Health: -3/111     AC:  8    Str: 21    XL:     11   Next: 34%
Magic:  10/10      EV: 15    Int:  6    God:    Wu Jian [***...]
Gold:   574        SH:  0    Dex: 15    Spells: 10/10 levels left

rFire    . . .     SeeInvis .     - Unarmed
rCold    . . .     Gourm    +   (no shield)
rNeg     . . .     Faith    .   a - +1 robe
rPois    .         Spirit   .   (helmet restricted)
rElec    .         Reflect  .   A - +1 cloak
rCorr    .         Harm     .   (gloves unavailable)
MR       .....                  (boots unavailable)
Stlth    ++........             y - amulet of magic regeneration
HPRegen  0.68/turn              g - ring of wizardry
MPRegen  0.37/turn              (no ring)

@: no status effects
A: large, unfitting armour, claws 3, fast metabolism 3, gourmand, regeneration
1, shaggy fur 1, tough skin 2
a: Serpent's Lash, Renounce Religion


You were on level 1 of the Lair of Beasts.
You worshipped Wu Jian.
Wu Jian was most pleased with you.
You were not hungry.

You visited 3 branches of the dungeon, and saw 12 of its levels.

You collected 574 gold pieces.

Inventory:

Armour
 a - a +1 robe (worn)
 A - a +1 cloak (worn)
Jewellery
 g - a ring of wizardry (left claw)
 y - an amulet of magic regeneration (around neck)
Wands
 r - a wand of polymorph (9)
 s - a wand of disintegration (16)
 v - a wand of paralysis (5)
Scrolls
 c - 4 scrolls of remove curse
 e - 2 scrolls of amnesia
 i - 5 scrolls of teleportation
 u - 3 scrolls of enchant armour
 x - 2 scrolls of identify
 z - a scroll of random uselessness {unknown}
 C - a scroll of magic mapping
 D - a scroll of fog
Potions
 j - a potion of brilliance
 k - a potion of ambrosia
 l - 2 potions of magic
 m - 2 potions of resistance
 n - 2 potions of berserk rage
 o - 4 potions of might
 t - 5 potions of curing
 w - 3 potions of heal wounds
 B - a potion of agility {unknown}
Books
 q - Sif Muna's Almanac of the Volcanoes
   (You found it on level 8 of the Dungeon)

   Spells                             Type                      Level
   a - Flame Tongue                   Conjuration/Fire             1
Comestibles
 b - 7 bread rations
 f - 5 fruits
 h - 13 royal jellies
 p - 4 meat rations


   Skills:
 + Level 8.0 Fighting
 + Level 8.0 Dodging
 - Level 1.0 Stealth
 * Level 12.7 Unarmed Combat


You had 10 spell levels left.
You didn't know any spells.

Dungeon Overview and Level Annotations

Branches:
Dungeon (9/15)             Temple (1/1) D:7            Lair (2/6) D:9
  Swamp: Lair:2-4    Shoals: Lair:2-4     Snake: Lair:2-4    Spider: Lair:2-4
    Orc: D:9-12

Altars:
Ashenzari
Cheibriados
Dithmenos
Elyvilon
Fedhas
Gozag
Hepliaklqana
Kikubaaqudgha
Makhleb
Nemelex Xobeh
Okawaru
Qazlal
Ru
Sif Muna
Trog
Uskayaw
Vehumet
Wu Jian
Xom
Yredelemnul
Zin
The Shining One

Shops:
D:5 %

Annotations:
Lair:2 Sonja


Innate Abilities, Weirdness & Mutations

You are too large for most types of armour.
You have claws for hands.
Your metabolism is lightning-fast.
You like to eat raw meat.
Your natural rate of healing is unusually fast.
You are covered in fur. (AC +1)
You have very tough skin. (AC +2)


Message History

The 12-headed hydra bites you! x2; The 12-headed hydra bites you.
The 12-headed hydra misses you. The 12-headed hydra closely misses you.
The 12-headed hydra bites you. The 12-headed hydra bites you!
The 12-headed hydra closely misses you.
The 12-headed hydra bites you but does no damage.
The 12-headed hydra bites you!
* * * LOW HITPOINT WARNING * * *
The 12-headed hydra misses you. x2; The 12-headed hydra bites you!
* * * LOW HITPOINT WARNING * * *
The 12-headed hydra bites you!
* * * LOW HITPOINT WARNING * * *
The 12-headed hydra barely misses you.
There is an open door here.
Okay, then.
Okay, then.
The 12-headed hydra bites you but does no damage. x3
The 12-headed hydra misses you. The 12-headed hydra bites you!
* * * LOW HITPOINT WARNING * * *
The 12-headed hydra bites you!
You die...

.................................
................................#
..................#.#.P###....###
.....#+##.#.##....###.####....##.
.....#.......#.....##'###.....+..
....D#.......#....###..+.+.....#.
.....#.......#....###...#.....#..
.....#.......#....'....###....##.
................@D###..#.P....##.
.....P.......#....# #..+.+....##.
.....#............# ######....##+
......#.#####.....### ##........
..................#.####.#.......
.................................
....................>............
.....#######....................#
.....#.....#....####.####.P.....#


You could see a 12-headed hydra.

Vanquished Creatures
  A hydra (Lair:1)
  2 two-headed ogres (D:9)
  Nergalle (Lair:1)
  Psyche (D:8)
  Maurice (D:9)
  3 black mambas (Lair:1)
  A spiny frog (Lair:1)
  2 komodo dragons (Lair:1)
  A hornet (D:8)
  Prince Ribbit (D:6)
  Sigmund (D:4)
  Eustachio (D:5)
  Grum (D:9)
  A hungry ghost (D:9)
  A water moccasin (Lair:1)
  2 orc warriors
  5 porcupines
  2 black bears (D:9)
  2 ice beasts (D:9)
  A phantom (D:2)
  An ogre (D:9)
  3 wolves (D:9)
  2 centaurs (D:9)
  A crocodile (D:9)
  9 bullfrogs
  2 scorpions (D:8)
  7 killer bees
  5 howler monkeys
  5 crimson imps
  6 hounds
  4 orc priests
  A bullfrog skeleton (D:9)
  2 centaur skeletons
  2 iguanas (D:9)
  7 jellies
  7 orc wizards
  Terence (D:2)
  8 worker ants
  2 worker ant zombies
  7 adders
  7 gnolls (D:3)
  3 shadow imps
  6 oozes
  2 adder zombies (D:6)
  An adder skeleton (D:4)
  3 worms
  A dart slug (D:1)
  4 leopard geckos
  14 orcs
  3 ball pythons
  4 bats
  3 giant cockroaches
  5 goblins
  6 hobgoblins
  2 jackals (D:6)
  4 frilled lizards
  8 kobolds
  A quokka skeleton (D:5)
  A quokka zombie (D:8)
  7 rats
198 creatures vanquished.

Vanquished Creatures (others)
  34 fungi
  7 plants (D:9)
41 creatures vanquished.

Grand Total: 239 creatures vanquished

Notes
Turn   | Place    | Note
-------+----------+-------------------------------------------
     0 | D:1      | kae the Troll Monk began the quest for the Orb.
     0 | D:1      | Reached XP level 1. HP: 22/22 MP: 0/0
   247 | D:1      | Reached XP level 2. HP: 28/29 MP: 1/1
   727 | D:2      | Reached XP level 3. HP: 36/36 MP: 2/2
  1005 | D:2      | Noticed a phantom
  1127 | D:2      | Killed a phantom
  1127 | D:2      | Reached skill level 4 in Unarmed Combat
  1127 | D:2      | Reached XP level 4. HP: 41/45 MP: 3/3
  1127 | D:2      | Reached XP level 5. HP: 48/53 MP: 4/4
  1434 | D:3      | Noticed Terence
  1484 | D:2      | Killed Terence
  1489 | D:3      | Reached skill level 5 in Unarmed Combat
  1792 | D:3      | Reached XP level 6. HP: 23/61 MP: 5/5
  2488 | D:4      | Noticed Sigmund
  2499 | D:4      | Killed Sigmund
  2499 | D:4      | Reached skill level 6 in Unarmed Combat
  2499 | D:4      | Reached XP level 7. HP: 24/68 MP: 6/6
  2918 | D:5      | Entered Level 5 of the Dungeon
  3141 | D:5      | Noticed Eustachio
  3162 | D:5      | Killed Eustachio
  3190 | D:5      | Found Esoedd's Food Emporium.
  3549 | D:6      | Noticed Prince Ribbit
  3589 | D:6      | Killed Prince Ribbit
  3589 | D:6      | Reached skill level 7 in Unarmed Combat
  3589 | D:6      | Reached XP level 8. HP: 14/79 MP: 7/7
  4044 | D:6      | Found a sparkling altar of Nemelex Xobeh.
  4057 | D:6      | Reached skill level 8 in Unarmed Combat
  4082 | D:6      | Reached skill level 5 in Dodging
  4110 | D:6      | Reached skill level 5 in Fighting
  4425 | D:7      | Found an ornate altar of the Wu Jian Council.
  4644 | D:7      | Found a shimmering altar of Xom.
  4644 | D:7      | Found a white marble altar of Elyvilon.
  4644 | D:7      | Found a shimmering altar of Xom.
  4644 | D:7      | Found a snail-covered altar of Cheibriados.
  4644 | D:7      | Found a basalt altar of Yredelemnul.
  4644 | D:7      | Found a bloodstained altar of Trog.
  4646 | D:7      | Found a stormy altar of Qazlal.
  4665 | D:7      | Found a shimmering altar of Xom.
  4665 | D:7      | Found a sparkling altar of Nemelex Xobeh.
  4665 | D:7      | Found a shimmering altar of Xom.
  4665 | D:7      | Found a deep blue altar of Sif Muna.
  4665 | D:7      | Found a shimmering altar of Xom.
  4670 | D:7      | Found a staircase to the Ecumenical Temple.
  4713 | Temple   | Entered the Ecumenical Temple
  5026 | D:7      | Became a worshipper of the Wu Jian Council
  5026 | D:7      | Reached * piety under Wu Jian
  5026 | D:7      | Reached ** piety under Wu Jian
  5500 | D:8      | Reached XP level 9. HP: 88/88 MP: 8/8
  5620 | D:8      | Noticed Psyche
  5623 | D:8      | Reached skill level 9 in Unarmed Combat
  5643 | D:8      | Killed Psyche
  6195 | D:8      | Reached skill level 10 in Unarmed Combat
  6210 | D:8      | Found a deep blue altar of Sif Muna.
  6236 | D:8      | Identified Sif Muna's Almanac of the Volcanoes
  6701 | D:9      | Reached XP level 10. HP: 14/100 MP: 9/9
  6725 | D:9      | Reached *** piety under Wu Jian
  6907 | D:9      | Noticed Grum
  6926 | D:9      | Killed Grum
  7043 | D:9      | Noticed a two-headed ogre
  7063 | D:9      | Killed a two-headed ogre
  7063 | D:9      | Reached skill level 11 in Unarmed Combat
  7212 | D:9      | Noticed Maurice
  7220 | D:9      | Killed Maurice
  7360 | D:9      | Found a shadowy altar of Dithmenos.
  7383 | D:9      | Found a staircase to the Lair.
  7416 | D:9      | Noticed a two-headed ogre
  7454 | D:9      | Killed a two-headed ogre
  7994 | D:9      | Reached skill level 12 in Unarmed Combat
  8095 | Lair:1   | Entered Level 1 of the Lair of Beasts
  8095 | Lair:1   | Noticed a black mamba
  8116 | Lair:1   | Killed a black mamba
  8261 | Lair:1   | Reached XP level 11. HP: 93/109 MP: 10/10
  8384 | Lair:1   | Noticed Nergalle
  8399 | Lair:1   | Killed Nergalle
  8942 | Lair:1   | Noticed a five-headed hydra
  8956 | Lair:1   | Killed a 12-headed hydra
  9275 | Lair:1   | Noticed a four-headed hydra
  9281 | Lair:1   | HP: 4/111 [eight-headed hydra (2)]
  9290 | Lair:2   | Noticed Sonja
  9290 | Lair:2   | Noticed a seven-headed hydra
  9544 | Lair:1   | HP: 5/111 [12-headed hydra (9)]
  9544 | Lair:1   | Slain by a 12-headed hydra

Vault maps used:
D:1:      scummos_arrival_hexagon, patterned_corridor
D:2:      serial_glass, glass_columns_a, glass_columns_a, glass_columns_a,
          glass_columns_b, glass_columns_a, glass_columns_b,
          minmay_strange_pillars, minmay_strange_pillars
D:3:      uniq_terence
D:4:      first_bread, uniq_sigmund
D:5:      serial_shops, shop, uniq_eustachio
D:6:      basic_altar, uniq_prince_ribbit1
D:7:      lemuel_doored_altar, temple_doors_ab
D:8:      serial_curves, eino_curves_04, eino_curves_03,
          hangedman_little_slice_of_home, st_stairs_10, led_sif_book,
          uniq_psyche
D:9:      due_lair_maze_entry_diamond, grunt_dithmenos_shadows, uniq_grum,
          uniq_maurice
Temple:   nicolae_temple_the_god_donut
Lair:1:   infiniplex_staircase_pool_2, uniq_nergalle
Lair:2:   swamp_mist, minmay_snake_entry_guardpost_small, uniq_sonja

Skill      XL: |  1  2  3  4  5  6  7  8  9 10 11 |
---------------+----------------------------------+-----
Fighting       | 3 4 5 6 7 8 |  8.0
Dodging        | 3 4 5 6 7 8 |  8.0
Unarmed Combat | 4 5 6 7 8 10 12 | 12.7
Stealth        | |  1.0

Action                   |  1- 3 |  4- 6 |  7- 9 | 10-12 || total
-------------------------+-------+-------+-------+-------++-------
Melee: Unarmed           |   110 |    90 |   337 |   197 ||   734
       Punch             |     2 |     2 |    15 |    15 ||    34
Invok: Serpent's Lash    |       |       |       |     2 ||     2
Evoke: Wand              |       |       |     1 |     9 ||    10
  Use: Potion            |     2 |     1 |       |       ||     3
       Scroll            |       |       |    18 |     3 ||    21
 Stab: Sleeping          |     3 |     4 |     2 |     2 ||    11
       Paralysed         |       |       |       |     7 ||     7
  Eat: Chunk             |    14 |     7 |    37 |    33 ||    91
       Royal jelly       |       |       |     1 |       ||     1
Armor: Robe              |    20 |    22 |    65 |    53 ||   160
       Skin              |       |       |     1 |       ||     1
Dodge: Dodged            |    57 |    40 |   137 |   101 ||   335

Table legend:
 A = Spawn XP
 B = Non-spawn XP
 C = Spawn XP percentage of total XP
 D = Spawn monster count
 E = Non-spawn monster count
 F = Spawn count percentage of total count
 G = Total turns spent on level
                    A         B        C        D         E        F      G
               +---------+---------+-------+---------+---------+-------+---------
         Total |       0 |   14743 |   0.0 |       0 |     198 |   0.0 |  9544
               +---------+---------+-------+---------+---------+-------+---------
           D:1 |       0 |      24 |   0.0 |       0 |      14 |   0.0 |   706
           D:2 |       0 |     210 |   0.0 |       0 |      21 |   0.0 |   558
           D:3 |       0 |     146 |   0.0 |       0 |      22 |   0.0 |   770
           D:4 |       0 |     432 |   0.0 |       0 |       8 |   0.0 |   884
           D:5 |       0 |     379 |   0.0 |       0 |       7 |   0.0 |   623
           D:6 |       0 |    1100 |   0.0 |       0 |      25 |   0.0 |   839
           D:7 |       0 |     535 |   0.0 |       0 |      19 |   0.0 |   960
           D:8 |       0 |    1875 |   0.0 |       0 |      32 |   0.0 |   960
           D:9 |       0 |    5338 |   0.0 |       0 |      38 |   0.0 |  1543
        Lair:1 |       0 |    4704 |   0.0 |       0 |      12 |   0.0 |  1447
               +---------+---------+-------+---------+---------+-------+---------
